 Dungeon Crawl Stone Soup version 0.28-a0-932-g843f935a50 (webtiles) character file.

Game seed: 385831073290298752

80 duckywithit the Grave Robber (level 4, -2/33 HPs)
             Began as a Ghoul Necromancer on Nov 7, 2021.
             Killed from afar by Ijyb (5 damage)
             ... with a puff of flame
             ... on level 3 of the Dungeon on Nov 27, 2021.
             The game lasted 00:19:49 (4329 turns).

duckywithit the Grave Robber (Ghoul Necromancer)    Turns: 4329, Time: 00:19:49

Health: -2/33      AC:  2    Str: 11    XL:     4   Next: 39%
Magic:  0/6        EV: 12    Int: 11    God:
Gold:   42         SH:  0    Dex:  9    Spells: 7/8 levels left

rFire   . . .      SeeInvis .   (no weapon)
rCold   + . .      Faith    .   (no shield)
rNeg    + + +      Spirit   .   a - +0 robe
rPois   ∞          Reflect  .   (no helmet)
rElec   .          Harm     .   (no cloak)
rCorr   .          Rampage  .   (no gloves)
Will    .....                   (no boots)
Stlth   ++........              (no amulet)
HPRegen 0.00/turn               (no ring)
MPRegen 0.10/turn               (no ring)

@: inhibited regen
A: claws 1, cold resistance 1, negative energy resistance 3, inhibited
regeneration, torment resistance 2
a: no special abilities


You were on level 3 of the Dungeon.
You visited 1 branch of the dungeon, and saw 4 of its levels.

You collected 42 gold pieces.

Inventory:

Hand Weapons
 b - a +0 short sword
Armour
 a - a +0 robe (worn)
Wands
 f - a wand of paralysis (5)
Scrolls
 d - a scroll of blinking {unknown}
 h - a scroll of enchant weapon {unknown}
 j - a scroll of acquirement {unknown}
 k - 2 scrolls of magic mapping {unknown}
 m - a scroll of fog {unknown}
 n - a scroll of identify {unknown}
Potions
 c - 2 potions of curing
 e - a potion of haste {unknown}
 g - a potion of flight {unknown}
 i - 3 potions of heal wounds {unknown}
 l - a potion of berserk rage {unknown}


   Skills:
 * Level 2.2 Dodging
 + Level 2.2 Stealth
 + Level 2.6 Spellcasting
 + Level 4.9 Necromancy


You had 7 spell levels left.
You knew the following spells:

 Your Spells              Type           Power      Damage    Failure   Level
a - Pain                  Necr           48%        1d6       3%          1

Your spell library contained the following spells:

 Spells                   Type           Power      Damage    Failure   Level
 Animate Skeleton         Necr           24%        N/A       3%          1
 Vampiric Draining        Necr           12%        2d6       11%         3
 Sandblast                Erth           2%         2d4       28%         1
 Animate Dead             Necr           6%         N/A       34%         4
 Passwall                 Tmut/Erth      0%         N/A       38%         2
 Stone Arrow              Conj/Erth      2%         3d7       63%         3
 Agony                    Necr           12%        N/A       69%         5


Dungeon Overview and Level Annotations

Branches:
Dungeon (4/15)
 Temple: D:4-7

Altars:
Xom

Annotations:
D:3 Ijyb


Innate Abilities, Weirdness & Mutations

You thrive by killing the living.
You are immune to poison.
You have sharp fingernails.
Your flesh is cold resistant. (rC+)
You are immune to negative energy. (rN+++)
You do not regenerate when monsters are visible.
You are immune to unholy pain and torment.


Message History

Aiming: Pain (safe; 3% risk of failure)
Press: ? - help, Shift-Dir - straight line, f - Ijyb
Aim: Ijyb, wielding a +0 club, wearing a +0 ring mail and carrying a wand of flame (20) (heavily wounded, chance to affect: 76%) Ijyb barely resists.
Ijyb closely misses you.
Casting: Pain (safe; 3% risk of failure)
Confirm with . or Enter, or press ? or * to list all spells.
Aiming: Pain (safe; 3% risk of failure)
Press: ? - help, Shift-Dir - straight line, f/p - Ijyb
Aim: Ijyb, wielding a +0 club, wearing a +0 ring mail and carrying a wand of flame (20) (heavily wounded, chance to affect: 76%) Ijyb writhes in agony.
Ijyb hits you but does no damage.
Casting: Pain (safe; 3% risk of failure)
Confirm with . or Enter, or press ? or * to list all spells.
Aiming: Pain (safe; 3% risk of failure)
Press: ? - help, Shift-Dir - straight line, f/p - Ijyb
Aim: Ijyb, wielding a +0 club, wearing a +0 ring mail and carrying a wand of flame (20) (severely wounded, chance to affect: 76%) Ijyb writhes in agony.
Ijyb barely misses you.
Casting: Pain (safe; 3% risk of failure)
Confirm with . or Enter, or press ? or * to list all spells.
You don't have enough magic to cast this spell.
Unknown command.
Ijyb grins evilly.
Ijyb screams, "I no like you!"
Casting: Pain (safe; 3% risk of failure)
Confirm with . or Enter, or press ? or * to list all spells.
Aiming: Pain (safe; 3% risk of failure)
Press: ? - help, Shift-Dir - straight line, f/p - Ijyb
Aim: Ijyb, wielding a +0 club, wearing a +0 ring mail and carrying a wand of flame (20) (almost dead, chance to affect: 76%) Ijyb barely resists.
Ijyb zaps a wand.
The puff of flame hits you!
There is a stone staircase leading down here.
Ijyb zaps a wand.
The puff of flame hits you!
Casting: Pain (safe; 3% risk of failure)
Confirm with . or Enter, or press ? or * to list all spells.
Aiming: Pain (safe; 3% risk of failure)
Press: ? - help, Shift-Dir - straight line, f/p - Ijyb
Aim: Ijyb, wielding a +0 club, wearing a +0 ring mail and carrying a wand of flame (18) (almost dead, chance to affect: 76%) Ijyb writhes in agony.
Ijyb zaps a wand.
The puff of flame hits you!
* * * LOW HITPOINT WARNING * * *
Unknown command.
Ijyb zaps a wand.
The puff of flame hits you.
You die...

#...# #.####### ###. #...#
#>############# ##
#####...########.............#
#
#...........##.........#.....#
#
.....................#.......#
#
......#.....##.#g....###.....#
#
.###.###.#####.#.#..####.....#
# ....## ##.##
#............#### # .#.## ##.#
###@########## # .##.## ##.##
#.# ######### # .#...###.##
####.###.......# .#.#.>#.##
#.....†..#####.# .....#.##
#.##[##..#####.###### ....####
#.##........##.....<. ....#
#.#####..##.....##### ##..###
#.#####..#####.##
......#######..............#


You could see Ijyb.

Vanquished Creatures
  A gnoll (D:4)
  An adder (D:2)
  2 worms (D:2)
  A dart slug (D:3)
  An orc (D:3)
  A ball python (D:3)
  5 endoplasms
  6 giant cockroaches
  8 goblins
  2 hobgoblins (D:1)
  A quokka (D:1)
  4 bats
  3 frilled lizards (D:1)
  9 kobolds
  5 rats
50 creatures vanquished.

Notes
Turn   | Place    | Note
-------+----------+-------------------------------------------
     0 | D:1      | duckywithit the Ghoul Necromancer began the quest for the
                  | Orb.
     0 | D:1      | Reached XP level 1. HP: 14/14 MP: 2/2
    51 | D:1      | Found a faded altar of an unknown god.
   432 | D:1      | Reached XP level 2. HP: 17/20 MP: 0/3
  1410 | D:1      | Reached XP level 3. HP: 26/26 MP: 2/5
  1741 | D:2      | Noticed an ogre
  2550 | D:2      | Upgraded the game from 0.28-a0-802-g09f76e8c00 to
                  | 0.28-a0-932-g843f935a50
  3293 | D:3      | Reached XP level 4. HP: 33/33 MP: 3/6
  3665 | D:3      | Found a shimmering altar of Xom.
  4305 | D:4      | Noticed Ijyb
  4329 | D:3      | Killed from afar by Ijyb

Illustrated notes

Levels and vault maps discovered:
D:1:      dpeg_arrival_boxorama, layout_loops_ring,
          chequers_ecumenical_altar_island
D:2:      layout_loops_ring
D:3:      minmay_wonky_spiral, layout_loops_cross,
          mainiacjoe_overflow_six_doors_small
D:4:      layout_basic, general_overflow_altar, gammafunk_temple_overflow_pools,
          lemuel_coloured_pillars_altar, serial_corexii_hall,
          chequers_hall_statues_y, corexii_hall_statues_u,
          ebering_ghost_reflecting_pool, uniq_ijyb

Skill      XL: |  1  2 |
---------------+-------+-----
Dodging        | 2 |  2.2
Spellcasting   | 2 |  2.6
Stealth        | |  2.2
Necromancy     | |  4.9

Action                   |  1- 3 |  4- 6 || total
-------------------------+-------+-------++-------
Melee: Unarmed           |    14 |       ||    14
       Short sword       |     3 |       ||     3
 Cast: Pain              |   112 |    41 ||   153
  Use: Potion            |     1 |       ||     1
Armor: Robe              |     6 |     3 ||     9
Dodge: Dodged            |    25 |     8 ||    33

Table legend: (Time is in decaauts)
 A = Elapsed time spent in this place.
 B = Non-inter-level travel time spent in this place.
 C = Inter-level travel time spent in this place.
 D = Time resting spent in this place.
 E = Time spent auto-exploring this place.
 F = Levels seen in this place.
 G = Mean time per level.
                   A        B        C        D        E       F      G
               +--------+--------+--------+--------+--------+-----+--------+
         Total |   4339 |   4182 |    157 |    875 |   1738 |   4 | 1084.8 |
       Dungeon |   4339 |   4182 |    157 |    875 |   1738 |   4 | 1084.8 |
               +--------+--------+--------+--------+--------+-----+--------+

Top non-repeatable levels by time:
     D:1: 1893 daAuts
     D:2: 1332 daAuts
     D:3: 955 daAuts
     D:4: 158 daAuts
